 Dungeon Crawl Stone Soup version 0.24.0-13-gcf9b3192b9 (webtiles) character file.

Game seed: 3042732005599912343, levelgen mode: deterministic

466 Midas the Cutter (level 6, -1/37 HPs)
             Began as a Deep Elf Gladiator on Nov 10, 2019.
             Was an Initiate of Kikubaaqudgha.
             Slain by Natasha (8 damage)
             ... on level 4 of the Dungeon.
             The game lasted 00:08:15 (5715 turns).

Midas the Cutter (Deep Elf Gladiator)               Turns: 5715, Time: 00:08:15

Health: -1/37      AC:  7    Str: 11    XL:     6   Next: 81%
Magic:  9/9        EV: 15    Int: 15    God:    Kikubaaqudgha [......]
Gold:   208        SH:  0    Dex: 16    Spells: 5/5 levels left

rFire    . . .     SeeInvis .   a - +1 rapier
rCold    + . .     Gourm    .   (no shield)
rNeg     . . .     Faith    .   h - +1 leather armour {rC+}
rPois    .         Spirit   .   c - +0 helmet
rElec    .         Reflect  .   s - +0 cloak
rCorr    .         Harm     .   q - +0 pair of gloves
MR       .....                  (no boots)
Stlth    +.........             (no amulet)
HPRegen  0.12/turn              (no ring)
MPRegen  0.11/turn              (no ring)

@: no status effects
A: no striking features
a: Renounce Religion


You were on level 4 of the Dungeon.
You worshipped Kikubaaqudgha.
Kikubaaqudgha was noncommittal.
You were hungry.

You visited 1 branch of the dungeon, and saw 5 of its levels.

You collected 208 gold pieces.

Inventory:

Hand Weapons
 a - a +1 rapier (weapon)
Missiles
 d - 2 throwing nets (quivered)
Armour
 b - a +0 leather armour
 c - a +0 helmet (worn)
 h - a +1 leather armour of cold resistance (worn)
 p - a +1 hat
 q - a +0 pair of gloves (worn)
 s - a +0 cloak (worn)
 z - +0 ice dragon scales
Wands
 x - a wand of iceblast (4)
Scrolls
 e - a scroll of enchant armour {unknown}
 i - a scroll of magic mapping
 l - a scroll of random uselessness {unknown}
 o - a scroll of immolation
 r - a scroll of remove curse {unknown}
 u - a scroll of enchant weapon
 v - 2 scrolls of teleportation {unknown}
 y - 3 scrolls of identify
Potions
 g - 2 potions of flight
 j - a potion of berserk rage {unknown}
 k - a potion of lignification {unknown}
 m - a potion of heal wounds
 n - 3 potions of curing
 t - a potion of mutation
 w - a potion of brilliance {unknown}
Comestibles
 f - 8 rations


   Skills:
 + Level 3.1 Fighting
 * Level 5.7 Short Blades
 - Level 2.0 Throwing
 + Level 5.4 Dodging
 + Level 1.6 Evocations


You had 5 spell levels left.
You didn't know any spells.
Your spell library was empty.

Dungeon Overview and Level Annotations

Branches:
Dungeon (5/15)
 Temple: D:4-7

Altars:
Cheibriados
Kikubaaqudgha
Makhleb

Annotations:
D:4 Natasha
D:5 Prince Ribbit


Message History

Natasha is moderately wounded.
You hit Natasha but do no damage.
Natasha is moderately wounded.
Natasha claws you.
You are too injured to fight recklessly!
You hit Natasha.
Natasha is heavily wounded.
Natasha claws you.
You hit Natasha but do no damage.
Natasha is heavily wounded.
Natasha claws you but does no damage.
You hit Natasha.
Natasha is almost dead.
Natasha claws you!
* * * LOW HITPOINT WARNING * * *
You hit Natasha but do no damage.
Natasha is almost dead.
Natasha claws you!
You die...
Kikubaaqudgha rasps: "You have failed me!
Welcome... death!"

......#.## #.#.# ##.#####.#
.........# #.#.# #.# #.#
<#.##.#..# #.#.######.#####.#
.#.##.#..####.............##.#
.#..........#.#.#>####.##.##รท#
###.................##.##.##.#
#.##..........#.#.#.##.##.##.#
.#.##....####....h#.##.##....#
#.#.##..........@.#....##.####
.#.#.##..####.#........##.#
###.#.##.# #.#.#.#...###.#
#.##.#.######.....##.## #.#
.#.##.#.##......####.# #.#
#.#.##.#.#####...###.# #.#
...#.##.#.##...#.....# #.#
.##.#.##.#.###...########.#
##.#.##.#.#####.## #.....#


You could see Natasha.

Vanquished Creatures
  An ogre (D:4)
  A water moccasin skeleton (D:4)
  A hound (D:2)
  An orc priest (D:3)
  Natasha (D:4)
  An iguana (D:4)
  2 orc wizards
  5 adders
  6 gnolls
  2 oozes
  2 leopard geckos (D:3)
  9 orcs
  3 giant cockroaches
  A goblin (D:1)
  9 hobgoblins
  A ball python (D:3)
  5 bats
  4 frilled lizards
  A kobold (D:2)
  3 rats
59 creatures vanquished.

Vanquished Creatures (others)
  An orc wizard (D:4)
1 creature vanquished.

Grand Total: 60 creatures vanquished

Notes
Turn   | Place    | Note
-------+----------+-------------------------------------------
     0 | D:1      | Midas the Deep Elf Gladiator began the quest for the Orb.
     0 | D:1      | Reached XP level 1. HP: 12/12 MP: 3/3
   441 | D:2      | Reached XP level 2. HP: 17/17 MP: 4/4
  1546 | D:2      | Reached XP level 3. HP: 21/21 MP: 5/5
  2370 | D:2      | Reached XP level 4. HP: 13/26 MP: 6/6
  2939 | D:3      | Reached XP level 5. HP: 19/31 MP: 7/7
  3369 | D:3      | Found a snail-covered altar of Cheibriados.
  3997 | D:2      | Reached skill level 5 in Short Blades
  4450 | D:3      | Found a burning altar of Makhleb.
  4646 | D:4      | Noticed an ogre
  4676 | D:4      | Killed an ogre
  4676 | D:4      | Reached skill level 5 in Dodging
  4676 | D:4      | Reached XP level 6. HP: 35/36 MP: 8/8
  4760 | D:4      | Reached skill level 1 in Evocations
  4801 | D:4      | Noticed Natasha
  4808 | D:4      | Killed Natasha
  5259 | D:4      | Found an ancient bone altar of Kikubaaqudgha.
  5510 | D:4      | Became a worshipper of Kikubaaqudgha
  5554 | D:5      | Entered Level 5 of the Dungeon
  5554 | D:5      | Noticed Prince Ribbit
  5703 | D:4      | Noticed Natasha
  5715 | D:4      | Slain by Natasha

Levels and vault maps discovered:
D:1:      minmay_arrival_five_plusses, layout_basic,
          chequers_serial_rivers_room_b
D:2:      layout_loops_ring
D:3:      layout_loops_ring, makhleb_blood_cavern_becter, first_ration,
          cheibriados_altar_1
D:4:      minmay_inner_zag, layout_loops_ring, nicolae_overflow_crystal_walls,
          uniq_natasha
D:5:      layout_basic, nicolae_gozag_seed_capital, lemuel_crystal_altar,
          old_standard_altar, vehumet_altar_wand_db, uniq_prince_ribbit1

Skill      XL: |  1  2  3  4  5  6 |
---------------+-------------------+-----
Dodging        | 4 5 |  5.4
Fighting       | 2 3 |  3.1
Short Blades   | 4 5 |  5.7
Evocations     | 1 |  1.6
Throwing       | |  2.0

Action                   |  1- 3 |  4- 6 || total
-------------------------+-------+-------++-------
Melee: Rapier            |    68 |   181 ||   249
Throw: Throwing net      |     2 |     1 ||     3
Evoke: Wand              |       |     2 ||     2
  Use: Scroll            |     3 |     4 ||     7
 Stab: Sleeping          |     5 |       ||     5
       Held in net/web   |     2 |     1 ||     3
  Eat: Chunk             |     4 |    10 ||    14
Armor: Leather armour    |     6 |    48 ||    54
Dodge: Dodged            |    37 |   121 ||   158
